 Dungeon Crawl Stone Soup version 0.19-a0-1127-gac58878 (webtiles) character file.

144 epen the Ducker (level 5, -7/25 HPs)
             Began as a Felid Monk on Aug 12, 2016.
             Mangled by an iguana (15 damage)
             ... on level 4 of the Dungeon.
             The game lasted 00:04:21 (3975 turns).

epen the Ducker (Felid Monk)                        Turns: 3975, Time: 00:04:21

Health: -7/25      AC:  1    Str:  7    XL:     5   Next: 5%
Magic:  6/6        EV: 21    Int: 12    God:
Gold:   200        SH:  0    Dex: 19    Spells: 0 memorised, 4 levels left
                                        Lives:  0   Deaths: 1

rFire  . . .     SeeInvis +       - Unarmed
rCold  . . .     Gourm    .     (armour unavailable)
rNeg   . . .     Faith    .     (shield unavailable)
rPois  .         Spirit   .     (helmet unavailable)
rElec  .         Dismiss  .     (cloak unavailable)
rCorr  .         Reflect  .     (gloves unavailable)
SustAt .         Harm     .     (boots unavailable)
MR     .....                    (no amulet)
Stlth  ++++......               (no ring)
                                o - ring of flight

@: quick
A: no armour, no weapons or thrown items, claws 1, fangs 3, see invisible,
carnivore 3, speed 1, shaggy fur 1, slow metabolism 1, sharp paws
a: Evoke Flight


You were on level 4 of the Dungeon.
You were not hungry.

You visited 1 branch of the dungeon, and saw 4 of its levels.

You collected 200 gold pieces.

Inventory:

Jewellery
 l - an uncursed ring of ice
 o - a ring of flight (left paw)
Scrolls
 c - 2 scrolls of teleportation {unknown}
 d - 2 scrolls of identify {unknown}
 e - a scroll of fear {unknown}
 f - 2 scrolls of noise {unknown}
 j - 2 scrolls of recharging {unknown}
 n - 2 scrolls of immolation {unknown}
Potions
 b - a potion of flight {unknown}
 h - 2 potions of haste
 i - 2 potions of cure mutation
 k - a potion of curing {unknown}
 m - a potion of agility {unknown}
 p - a potion of invisibility {unknown}
Comestibles
 a - 3 meat rations
 g - 2 beef jerkies


   Skills:
 + Level 3.8 Fighting
 + Level 5.2 Dodging
 + Level 4.4 Stealth
 * Level 4.8 Unarmed Combat


You had 4 spell levels left.
You didn't know any spells.

Dungeon Overview and Level Annotations

Branches:
Dungeon (4/15)
 Temple: D:4-7

Altars:
Qazlal


Innate Abilities, Weirdness & Mutations

You cannot wear armour.
You are incapable of wielding weapons or throwing items.
You have sharp claws.
You have razor-sharp teeth.
You have supernaturally acute eyesight. (SInv)
You are carnivorous and can eat meat at any time.
You cover ground quickly.
You are covered in fur. (AC +1)
You have a slow metabolism.
Your sharp claws are effective at attacking unaware monsters.


Message History

You scratch the adder. Your claw misses the adder.
The adder is almost dead.
The adder completely misses you. The adder misses you.
You barely miss the adder.
The adder is almost dead.
The adder barely misses you.
You scratch the adder.
You kill the adder!
Welcome back to level 5!
You barely miss the giant cockroach. You claw the giant cockroach.
You kill the giant cockroach!
You scratch the jackal.
The jackal is severely wounded.
The jackal bites you.
You scratch the jackal.
You kill the jackal!
You scratch the iguana but do no damage.
The iguana bites you!
Ouch! That really hurt!
You die...

.....(......##
.(.........###.....
...$.......#.... .#
.....)o......#. .###
.....†........ ...
...##.###....# ..
...##.......## .#
.##.!........####.#
.............#ll@.#
...........).#.######
..........l.........#
.##....†........###.#
. ##.........#..###.##
#..(..........##..#
............###..##.##
#.$....###.## ##....)#
...##.... #.# #####.#


You could see an iguana and a giant newt.

Vanquished Creatures
  An orc wizard (D:4)
  A worker ant (D:4)
  A hound skeleton (D:4)
  2 gnolls (D:2)
  3 adders
  2 oozes
  3 worms
  A dart slug (D:1)
  4 giant geckos
  9 orcs
  7 giant cockroaches
  7 goblins
  9 hobgoblins
  4 jackals
  8 kobolds
  2 quokkas (D:3)
  2 ball pythons (D:2)
  9 bats
  7 giant newts
  6 rats
88 creatures vanquished.

Notes
Turn   | Place    | Note
-------+----------+-------------------------------------------
     0 | D:1      | epen the Felid Monk began the quest for the Orb.
     0 | D:1      | Reached XP level 1. HP: 10/10 MP: 2/2
   380 | D:1      | Reached XP level 2. HP: 14/14 MP: 3/3
  1078 | D:1      | Reached XP level 3. HP: 11/17 MP: 4/4
  2010 | D:2      | Reached XP level 4. HP: 15/21 MP: 5/5
  3680 | D:4      | Found a stormy altar of Qazlal.
  3696 | D:4      | Reached XP level 5. HP: 24/24 MP: 6/6
  3719 | D:4      | Reached skill level 5 in Dodging
  3929 | D:4      | Slain by an orc wizard
  3930 | D:4      | Reached XP level 4. HP: 0/21 MP: 5/5
  3971 | D:4      | Reached XP level 5. HP: 10/25 MP: 6/6
  3975 | D:4      | Mangled by an iguana

Vault maps used:
D:1:      minmay_arrival_split_and_join, roderic_lattice_a
D:4:      overflow_temple_1_default, first_bread

Skill      XL: |  1  2  3  4  5 |
---------------+----------------+-----
Stealth        | 3 4 |  4.4
Unarmed Combat | 4 |  4.8
Dodging        | 5 |  5.2
Fighting       | |  3.8

Action                   |  1- 3 |  4- 6 || total
-------------------------+-------+-------++-------
Melee: Unarmed           |   106 |   133 ||   239
       Bite              |     9 |     2 ||    11
       Punch             |     2 |     2 ||     4
  Use: Potion            |       |     2 ||     2
 Stab: Sleeping          |    20 |     9 ||    29
  Eat: Chunk             |     7 |     4 ||    11
Armor: Skin              |     6 |     2 ||     8
Dodge: Dodged            |    86 |   101 ||   187
